 Dungeon Crawl Stone Soup version 0.23.2-40-g277498a001 (console) character file.

Game seed: 17965085668637236274

1432 Cab the Scholar of Death (level 8, -1/52 HPs)
             Began as a Mummy Necromancer on Sept 29, 2019.
             Was a Follower of Kikubaaqudgha.
             Slain by an orc
             ... wielding a +0 dagger of speed
              (3 damage)
             ... on level 6 of the Dungeon.
             The game lasted 00:27:51 (6496 turns).

Cab the Scholar of Death (Mummy Necromancer)        Turns: 6496, Time: 00:27:51

Health: -1/52      AC:  9    Str: 12    XL:     8   Next: 45%
Magic:  2/13       EV: 12    Int: 16    God:    Kikubaaqudgha [*.....]
Gold:   256        SH:  0    Dex: 12    Spells: 5/13 levels left

rFire    x . .     SeeInvis .   o - +1 flail (protect)
rCold    + . .     Gourm    .   (no shield)
rNeg     + + +     Faith    .   k - +0 robe (curse)
rPois    ∞         Spirit   .   (no helmet)
rElec    .         Reflect  .   (no cloak)
rCorr    .         Harm     .   (no gloves)
MR       +....                  (no boots)
Stlth    ++........             (no amulet)
HPRegen  0.17/turn              (no ring)
MPRegen  0.13/turn              (no ring)

@: protection aura
A: no food or potions, fire vulnerability, cold resistance 1, negative energy
resistance 3, torment resistance, unbreathing
a: Receive Corpses, Renounce Religion


You were on level 6 of the Dungeon.
You worshipped Kikubaaqudgha.
Kikubaaqudgha was aware of your devotion.
You were not hungry.

You visited 1 branch of the dungeon, and saw 6 of its levels.

You collected 256 gold pieces.

Inventory:

Hand Weapons
 b - a +0 spear of venom
 n - a +2 hand axe of electrocution
 o - a +1 flail of protection (weapon)
Armour
 k - a cursed +0 robe (worn)
Jewellery
 f - an uncursed amulet of harm {unknown}
 l - an uncursed amulet of regeneration {unknown}
Wands
 e - a wand of polymorph (5)
Scrolls
 a - a scroll of summoning {unknown}
 c - a scroll of random uselessness {unknown}
 d - a scroll of teleportation
 g - 7 scrolls of remove curse {unknown}
 h - 2 scrolls of identify
 i - 2 scrolls of fog {unknown}
 j - a scroll of blinking {unknown}
 m - 2 scrolls of amnesia {unknown}


   Skills:
 - Level 1.5 Dodging
 - Level 1.5 Stealth
 + Level 3.4 Spellcasting
 * Level 10.9 Necromancy
 + Level 0.6 Evocations


You had 5 spell levels left.
You knew the following spells:

 Your Spells              Type           Power        Failure   Level  Hunger
a - Pain                  Necr           ####         1%          1    N/A
b - Vampiric Draining     Necr           #####.....   1%          3    N/A
c - Animate Dead          Necr           N/A          1%          4    N/A

Your spell library contained the following spells:

 Spells                   Type           Power        Failure   Level  Hunger
 Animate Skeleton         Necr           N/A          1%          1    N/A
 Corpse Rot               Necr           N/A          1%          2    N/A
 Regeneration             Chrm/Necr      Unusable     N/A         3    N/A

Dungeon Overview and Level Annotations

Branches:
Dungeon (6/15)             Temple (0/1) D:4

Altars:
Ashenzari
Dithmenos
Hepliaklqana
Kikubaaqudgha
Qazlal
Trog
Wu Jian
Xom

Annotations:
D:6 Dowan


Innate Abilities, Weirdness & Mutations

You do not eat or drink.
Your flesh is vulnerable to fire.
You are immune to poison.
Your flesh is cold resistant. (rC+)
You are immune to negative energy. (rN+++)
You are immune to unholy pain and torment.
You can survive without breathing.


Message History

You kill the orc!
Kikubaaqudgha accepts your kill.
You hit the orc but do no damage. The orc misses you.
The orc closely misses you.
You barely miss the orc. The orc hits you but does no damage.
You hit the orc.
The orc is heavily wounded.
The orc hits you with a +0 dagger of speed.
* * * LOW HITPOINT WARNING * * *
The orc hits you with a +0 dagger of speed.
* * * LOW HITPOINT WARNING * * *
Casting: Vampiric Draining (safe; 1% risk of failure)
Confirm with . or Enter, or press ? or * to list all spells.
You don't have enough magic to cast that spell.
You hit the orc.
The orc is heavily wounded.
The orc hits you but does no damage.
The orc hits you with a +0 dagger of speed.
You die...
Kikubaaqudgha rasps: "You have failed me!
Welcome... oblivion!" ∙∙∙∙∙∙∙∙▒▒∙∙ ∙▒∙▒∙∙∙∙?∙∙▒∙∙▒∙▒ ∙∙∙∙∙∙∙∙∙∙>∙

∙∙∙∙∙∙▄∙∙∙∙∙▒▒∙▒
▒▒▒▒∙∙▒▒▒▒∙▒
∙∙▒∙!∙%∙∙∙▒∙∙∙∙▒ ▒▒∙▒▒
▒▒▒∙▒∙∙∙∙∙o∙▒∙▒▒∙▒ ▒∙∙▒
∙∙∙▒▒$∙∙∙∙▒▒o∙▒∙▒
▒▒∙▒▒▒■▒∙▒▒)▒▒▒▒∙▒▒▒▒∙∙▒∙▒
▒∙∙∙∙∙∙∙▒▒∙∙((oo∙∙∙∙∙∙▒∙▒
▒∙∙∙∙∙∙∙▒▒▒o▒▒▒▒∙∙▒▒∙∙▒∙▒
▒▒▒▒∙∙∙∙∙∙∙▒ ▒@▒ ∙▒▒▒∙∙▒∙▒
▒▒∙∙∙∙∙∙∙∙∙∙▒
▒∙∙∙∙∙∙∙∙∙∙∙▒∙▒
▒∙▒∙▒∙▒∙▒∙∙∙∙▒ ▒▒▒∙▒▒▒▒▒
▒∙▒ ∙▒∙▒∙▒∙▒∙▒■▒∙▒ ∙▒ ▒∙▒
▒∙▒@▒∙▒∙▒∙■ ∙▒ ▒ ▒∙▒ ∙▒∙▒
▒ ▒∙▒∙∙ ▒ ▒∙▒ ▒∙▒ ▒∙∙∙∙
▒∙▒ %▒ ▒∙∙∙▒ ▒∙▒ ▒∙▒ ∙∙∙▒
▒∙▒


You could see an orc.

Vanquished Creatures
  Edmund (D:6)
  Duvessa (D:6)
  A water moccasin (D:6)
  A swamp drake (D:2)
  An ice beast (D:3)
  A sky beast (D:5)
  2 centaurs (D:6)
  A bullfrog (D:6)
  A scorpion (D:5)
  2 howler monkeys
  A crimson imp (D:5)
  An orc priest (D:3)
  A hound (D:4)
  3 orc wizards
  Terence (D:2)
  Natasha (thrice) (D:2)
  3 worker ants
  3 adders
  2 oozes
  3 worms
  A dart slug (D:1)
  3 leopard geckos
  17 orcs
  A ball python (D:3)
  3 giant cockroaches
  3 hobgoblins
  14 jackals
  3 quokkas
  8 bats
  3 frilled lizards
  7 goblins
  3 kobolds
  7 rats
  A bush (D:4)
107 creatures vanquished.

Vanquished Creatures (collateral kills)
  A hound skeleton (D:4)
  An adder (D:3)
  A hobgoblin (D:2)
3 creatures vanquished.

Vanquished Creatures (others)
  A frilled lizard (D:2)
1 creature vanquished.

Grand Total: 111 creatures vanquished

Notes
Turn   | Place    | Note
-------+----------+-------------------------------------------
     0 | D:1      | Cab the Mummy Necromancer began the quest for the Orb.
     0 | D:1      | Reached XP level 1. HP: 13/13 MP: 4/4
   154 | D:1      | Reached XP level 2. HP: 7/19 MP: 0/5
   923 | D:1      | Reached skill level 5 in Necromancy
   940 | D:1      | Reached XP level 3. HP: 14/24 MP: 5/7
  1036 | D:1      | Learned a level 3 spell: Vampiric Draining
  1067 | D:2      | Found a shattered altar of Ashenzari.
  1093 | D:2      | Noticed Natasha
  1093 | D:2      | Noticed Terence
  1130 | D:2      | Killed Terence
  1136 | D:2      | Killed Natasha
  1136 | D:2      | Reached XP level 4. HP: 21/30 MP: 5/8
  1147 | D:2      | Learned a level 4 spell: Animate Dead
  1412 | D:2      | Found a shimmering altar of Xom.
  1430 | D:2      | Found a stormy altar of Qazlal.
  1579 | D:2      | Reached skill level 6 in Necromancy
  1626 | D:2      | Noticed Natasha
  1633 | D:2      | Killed Natasha
  1760 | D:2      | Noticed Sigmund
  1767 | D:2      | Noticed Sigmund
  1767 | D:2      | Sigmund changed into Sigmund the swamp drake
  1777 | D:2      | Killed Sigmund the swamp drake
  1777 | D:2      | Reached XP level 5. HP: 14/35 MP: 5/9
  2961 | D:2      | Noticed Natasha
  2970 | D:2      | Killed Natasha
  2970 | D:2      | Reached skill level 7 in Necromancy
  3289 | D:3      | Reached XP level 6. HP: 21/41 MP: 0/10
  3683 | D:3      | Noticed an ice beast
  3695 | D:3      | Killed an ice beast
  3712 | D:3      | Reached skill level 8 in Necromancy
  4111 | D:3      | Found an ancient bone altar of Kikubaaqudgha.
  4117 | D:3      | Became a worshipper of Kikubaaqudgha
  4186 | D:3      | Found an ornate altar of the Wu Jian Council.
  4525 | D:4      | Reached XP level 7. HP: 39/46 MP: 4/11
  4656 | D:4      | Found a staircase to the Ecumenical Temple.
  4885 | D:4      | Found a hazy altar of Hepliaklqana.
  4937 | D:4      | Found a shadowy altar of Dithmenos.
  5001 | D:5      | Entered Level 5 of the Dungeon
  5313 | D:5      | Reached skill level 9 in Necromancy
  5555 | D:6      | Noticed Edmund
  5589 | D:6      | Killed Edmund
  5589 | D:6      | Reached * piety under Kikubaaqudgha
  5589 | D:6      | Identified Kikubaaqudgha's Volume of Darkness
                  | (Kikubaaqudgha gifted it to you on level 6 of the Dungeon)
  5589 | D:6      | Received a gift from Kikubaaqudgha
  5589 | D:6      | Reached skill level 10 in Necromancy
  5589 | D:6      | Reached XP level 8. HP: 4/52 MP: 2/12
  5923 | D:6      | Noticed Dowan
  5923 | D:6      | Noticed Duvessa
  5934 | D:6      | Killed Duvessa
  6459 | D:6      | Found a bloodstained altar of Trog.
  6483 | D:6      | HP: 1/52 [centaur (7)]
  6495 | D:6      | HP: 2/52 [orc/+0 dagger of speed (1)]
  6496 | D:6      | Slain by an orc

Skill      XL: |  1  2  3  4  5  6  7  8 |
---------------+-------------------------+-----
Necromancy     | 5 6 7 8 10 | 10.9
Spellcasting   | 3 |  3.4
Dodging        | |  1.5
Stealth        | |  1.5
Evocations     | |  0.6

Action                   |  1- 3 |  4- 6 |  7- 9 || total
-------------------------+-------+-------+-------++-------
Melee: Spear             |    54 |   205 |    69 ||   328
       Flail             |       |       |    39 ||    39
 Cast: Pain              |    29 |    34 |    24 ||    87
       Vampiric Draining |     1 |    19 |    20 ||    40
       Animate Dead      |       |     4 |     3 ||     7
Evoke: Wand              |       |     4 |       ||     4
  Use: Scroll            |       |     1 |     1 ||     2
 Stab: Sleeping          |       |     2 |       ||     2
       Distracted        |       |       |     1 ||     1
Armor: Robe              |    12 |    31 |    27 ||    70
Dodge: Dodged            |    49 |   115 |    89 ||   253
